 Dungeon Crawl Stone Soup version bcrawl-1.38.3 (webtiles) character file.

Game seed: 2983609252579982258

8891528 Galewind the Sorcerer (level 23, -17/142 HPs)
             Began as an Avariel Conjurer on June 15, 2023.
             Was the Champion of Sif Muna.
             Demolished by a juggernaut skeleton (50 damage)
             ... summoned by a curse skull
             ... on level 3 of the Depths.
             The game lasted 01:22:43 (46031 turns).

Galewind the Sorcerer (Avariel Conjurer)           Turns: 46031, Time: 01:22:43

Health: -17/142    AC: 16    Str:  6    XL:     23   Next: 52%
Magic:  59/59      EV: 30    Int: 32    God:    Sif Muna [******]
Gold:   1293       SH:  0    Dex: 21    Spells: 8/64 levels left

rFire    . . .     GDR:     34% u - +9 lajatang (elec)
rCold    . . .     Archmagi +   (shield currently unavailable)
rNeg     . . .     SeeInvis +   E - +2 robe {Archmagi}
rPois    .         Gourm    .   i - +2 helmet {SInv}
rElec    .         Faith    .   y - +2 cloak {MR+}
rCorr    .         Spirit   .   L - +2 pair of gloves {archery}
MR       +++..     Reflect  .   h - +2 pair of boots {run}
Stlth    ++........             I - amulet of the acrobat
HPRegen  0.33/turn              K - +8 ring of dexterity
MPRegen  0.36/turn              t - ring of magical power

@: flying quickly and evasively, studying Invocations, silenced, drained,
deflect missiles, quick
A: able to fly
}: 2/15 runes: decaying, barnacled
a: Stop Flying, Renounce Religion


You were on level 3 of the Depths.
You worshipped Sif Muna.
Sif Muna was exalted by your worship.
You were hungry.

You visited 9 branches of the dungeon, and saw 34 of its levels.
You also visited: Sewer, Ice Cave and Wizlab.

You collected 3785 gold pieces.
You spent 2492 gold pieces at shops.

Inventory:

Hand Weapons
 u - a +9 lajatang of electrocution (weapon)
Armour
 f - the +2 pair of boots of the Assassin {Detection Stab+ Stlth++}
   (You acquired it on level 3 of the Elven Halls)

   It makes you much more stealthy.
 h - a +2 pair of boots of running (worn)
 i - a +2 helmet of see invisible (worn)
 y - a +2 cloak of magic resistance (worn)
 E - a +2 robe of the Archmagi (worn)
 L - a +2 pair of gloves of archery (worn)
 U - a +2 robe of magic recovery
Magical Staves
 g - an uncursed staff of fire
Jewellery
 t - a ring of magical power (right hand)
 H - an uncursed ring of insulation
 I - an amulet of the acrobat (around neck)
 K - a +8 ring of dexterity (left hand)
 O - an uncursed ring of protection from magic
 P - an uncursed ring of resist corrosion
 Z - an uncursed ring of protection from fire
Wands
 F - a wand of acid (9)
 Q - a wand of disintegration (61)
 R - a wand of iceblast (10)
 T - a wand of digging (32)
 V - a wand of clouds (10)
Scrolls
 a - 6 scrolls of magic mapping
 b - 14 scrolls of teleportation
 j - a scroll of torment
 k - 10 scrolls of fear
 n - 2 scrolls of enchant weapon
 v - 2 scrolls of blinking
 x - 4 scrolls of immolation
 B - 15 scrolls of remove curse
 C - 9 scrolls of fog
 J - a scroll of brand weapon
 M - 3 scrolls of noise
 S - 2 scrolls of silence
 X - 6 scrolls of amnesia
 Y - 3 scrolls of summoning
Potions
 c - 6 potions of magic
 d - 9 potions of heal wounds
 l - 2 potions of berserk rage
 m - 4 potions of lignification
 o - 2 potions of invisibility
 p - a potion of mutation
 r - 14 potions of curing
 s - 2 potions of agility
 w - 6 potions of haste
 A - 5 potions of brilliance
 D - 3 potions of ambrosia
 G - 3 potions of cancellation
Miscellaneous
 N - 2 phantom mirrors
 W - a phial of floods
Comestibles
 e - 43 rations {!d}


   Skills:
 - Level 14.0(12.7) Fighting
 - Level 7.7(6.6) Staves
 - Level 4.0(2.9) Armour
 + Level 15.0(13.7) Dodging
 - Level 2.1(1.2) Stealth
 + Level 21.0(19.5) Spellcasting
 - Level 20.0(18.5) Conjurations
 - Level 7.0(5.9) Charms
 - Level 20.0(18.5) Fire Magic
 - Level 9.0(7.8) Ice Magic
 - Level 8.0(6.8) Air Magic
 - Level 13.4(12.1) Invocations


You had 8 spell levels left.
You knew the following spells:

 Your Spells              Type           Power        Failure   Level  Hunger
a - Magic Dart            Conj           ####         0%          1    None
b - Searing Ray           Conj           ########     0%          2    None
c - Iskenderun's Mystic   Conj           ########     0%          3    None
d - Bolt of Fire          Conj/Fire      ########..   1%          6    None
e - Iskenderun's Battles  Conj/Chrm      ########     1%          5    None
f - Icicle Burst          Conj/Ice       ########..   4%          7    ##.....
g - Fireball              Conj/Fire      ########..   0%          5    None
h - Sticky Flame          Conj/Fire      ########     0%          4    None
i - Fire Storm            Conj/Fire      ########..   52%         9    #####..
j - Deflect Missiles      Chrm/Air       #######...   13%         6    None
k - Ignition              Fire           ########..   3%          8    ####...

Your spell library contained the following spells:

 Spells                   Type           Power        Failure   Level  Hunger
 Flame Tongue             Conj/Fire      #####        0%          1    None
 Flaming Arrows           Chrm/Fire      ########     0%          2    None
 Shock                    Conj/Air       #######      0%          2    None
 Throw Frost              Conj/Ice       ######       0%          2    None
 Conjure Flame            Conj/Fire      ########     0%          3    None
 Apportation              Tloc           #####.       1%          1    None
 Blink Other              Tloc           #####.       1%          1    None
 Corona                   Hex            #####..      1%          1    None
 Freeze                   Ice            ######       1%          1    None
 Infusion                 Chrm           #######.     1%          1    None
 Necrotize                Necr           #####.       1%          1    None
 Sandblast                Erth           #####.       1%          1    None
 Slow                     Hex            #####...     1%          1    None
 Static Discharge         Air            ######       1%          1    None
 Sting                    Conj/Pois      ####         1%          1    None
 Summon Butterflies       Summ           #####...     1%          1    None
 Summon Small Mammal      Summ           ####         1%          1    None
 Blink                    Tloc           N/A          1%          2    None
 Call Imp                 Summ           #####.       1%          2    None
 Passwall                 Tmut/Erth      #####...     1%          2    None
 Poisonous Vapours        Pois/Air       ######       1%          2    None
 Shackle                  Hex            #####...     1%          2    None
 Song of Slaying          Chrm           #######.     1%          2    None
 Sticks to Snakes         Tmut           #####...     1%          2    None
 Swiftness                Chrm/Air       #######.     1%          2    None
 Dazzling Orbs            Conj/Hex       #######      1%          3    None
 Ignite Poison            Fire/Tmut/Pois #######.     1%          3    None
 Inner Flame              Hex/Fire       N/A          1%          3    None
 Mephitic Cloud           Conj/Pois/Air  #######.     1%          3    None
 Ozocubu's Armour         Chrm/Ice       #######.     1%          3    None
 Regeneration             Chrm/Necr      ######....   1%          3    None
 Spectral Weapon          Hex/Chrm       ######..     1%          3    None
 Stone Arrow              Conj/Erth      ######       1%          3    None
 Airstrike                Air            #######...   1%          4    None
 Fulminant Prism          Conj/Hex       #######...   1%          4    None
 Lightning Bolt           Conj/Air       ########     1%          4    None
 Throw Icicle             Conj/Ice       ########     1%          4    None
 Bolt of Draining         Conj/Necr      #######...   1%          5    None
 Bolt of Magma            Conj/Fire/Erth ########..   1%          5    None
 Freezing Cloud           Ice/Air        #######.     1%          5    None
 Irradiate                Conj/Tmut      #######...   1%          5    None
 Steam Barrier            Chrm/Fire      ########..   1%          5    None
 Venom Bolt               Conj/Pois      #######...   1%          5    None
 Bolt of Cold             Conj/Ice       ########..   1%          6    None
 Conjure Ball Lightning   Conj/Air       ########..   1%          6    None
 Orb of Destruction       Conj           ########..   1%          7    ##.....
 Ice Form                 Ice/Tmut       ######..     2%          4    None
 Summon Ice Beast         Ice/Summ       ######..     2%          4    None
 Piercing Shot            Chrm           #######...   2%          5    None
 Call Canine Familiar     Summ           #####...     3%          3    None
 Recall                   Summ/Tloc      N/A          3%          3    None
 Spider Form              Tmut/Pois      ###          3%          3    None
 Teleport Other           Tloc           #####...     3%          3    None
 Vampiric Draining        Necr           #####.....   3%          3    None
 Iron Shot                Conj/Erth      #######...   4%          6    None
 Poison Arrow             Conj/Pois      #######...   4%          6    None
 Metabolic Englaciation   Hex/Ice        ######....   6%          5    None
 Ozocubu's Refrigeration  Ice            #######...   7%          6    None
 Silence                  Hex/Air        ######....   8%          5    None
 Summon Lightning Spire   Summ/Air       ######..     8%          5    None
 Agony                    Necr           #####...     12%         4    None
 Animate Dead             Necr           N/A          12%         4    None
 Force Lance              Tloc           #####...     12%         4    None
 Olgreb's Toxic Radiance  Pois           #####....    12%         4    None
 Petrify                  Tmut/Erth      #####.....   12%         4    None
 Summon Scorpions         Summ/Pois      #####...     12%         4    None
 Tree Form                Hex/Tmut       N/A          12%         4    None
 Mana Rupture             Conj/Hex       #######...   22%         7    ##.....
 Spellforged Servitor     Conj/Summ      #######...   22%         7    ##.....
 Dispel Undead            Necr           #####...     32%         5    None
 Lee's Rapid Deconstruct  Erth           #####.....   32%         5    None
 Passage of Golubria      Tloc           N/A          32%         5    None
 Summon Demon             Summ           #####.....   32%         5    None
 Summon Forest            Summ/Tloc      #####.....   32%         5    None
 Summon Mana Viper        Hex/Summ       #####...     32%         5    None
 Simulacrum               Ice/Necr       ######..     34%         6    None
 Chain Lightning          Conj/Air       ########..   38%         8    ####...
 Death Channel            Chrm/Necr      ######....   47%         6    None
 Glaciate                 Conj/Ice/Air   ########..   63%         8    ####...
 Lehudib's Crystal Spear  Conj/Erth      #######...   86%         8    ####...
 Aura of Abjuration       Summ           #####.....   87%         6    None
 Borgnjor's Vile Clutch   Necr/Erth      #####.....   87%         6    None
 Darkness                 Hex            #####.....   87%         6    None
 Infestation              Hex/Tmut/Pois  #####....    87%         6    None
 Invisibility             Hex            #####...     87%         6    None
 Statue Form              Tmut/Erth      #####....    87%         6    None
 Discord                  Hex            #####.....   100%        7    ##.....
 Haunt                    Necr/Summ      #####.....   100%        7    ##.....
 Malign Gateway           Summ/Tloc      #####.....   100%        7    ##.....
 Monstrous Menagerie      Summ           #####.....   100%        7    ##.....
 Shadow Creatures         Summ           N/A          100%        7    ##.....
 Summon Greater Demon     Summ           #####.....   100%        7    ##.....
 Summon Horrible Things   Summ           #####.....   100%        8    ####...
 Time Stop                Chrm/Tloc      N/A          100%        8    ####...
 Tornado                  Tloc/Air       ######....   100%        8    ####...
 Dragon's Call            Summ           #####.....   100%        9    #####..
 Shatter                  Erth           #####.....   100%        9    #####..


Dungeon Overview and Level Annotations

Branches:
Dungeon (12/12)            Temple (1/1) D:4            Lair (6/6) D:8
  Swamp (3/3) Lair:4       Shoals (3/3) Lair:3        Slime (0/5) Lair:5
    Orc (1/1) D:11            Elf (3/3) Orc          Vaults (2/3) D:11
  Crypt (0/2) Vaults:1     Depths (3/5) D:12

Altars:
Ashenzari
Cheibriados
Dithmenos
Elyvilon
Fedhas
Gozag
Hepliaklqana
Kikubaaqudgha
Lugonu
Makhleb
Nemelex Xobeh
Okawaru
Qazlal
Ru
Sif Muna
Trog
Uskayaw
Vehumet
Wu Jian
Xom
Yredelemnul
Zin
The Shining One
Jiyva

Shops:
D:4 :   D:9 ?   D:10 [   Orc *=([*:   Shoals:2 *   Vaults:1 **   Vaults:2 (

Portals:
Hell: Depths:1 Depths:2 Depths:3
Abyss: Shoals:3 Depths:2
Ziggurat: Depths:2
Trove: D:9 (give 2 scrolls of acquirement)

Annotations:
D:9 3 runed translucent doors, SansUndertale's ghost, novice NaAc
Lair:2 3 runed translucent doors, kosoiffoigrumme1174's ghost, journeyman TrAc
Shoals:2 3 runed translucent doors, kosoiffoigrumme1174's ghost, journeyman TrAc
Depths:3 1 runed door


Innate Abilities, Weirdness & Mutations

You can fly continuously.


Message History

The vampire mosquito completely misses you.
The juggernaut skeleton barely misses you.
The juggernaut skeleton completely misses you.
Unknown command.
You slice the flayed ghost!!
Lightning courses through the flayed ghost!!
You destroy the flayed ghost!
The terrible wounds on your body vanish.
The vampire mosquito completely misses you.
The spectral frost giant completely misses you.
The vampire mosquito completely misses you. x2
Unknown command.
You closely miss the vampire mosquito. The vampire mosquito misses you. x2
The spectral frost giant completely misses you.
The vampire mosquito completely misses you.
The vampire mosquito bites you.
* * * LOW HITPOINT WARNING * * *
The vampire mosquito draws strength from your injuries!
The juggernaut skeleton hits you!!!
You die...

##################
#..............#.#
#.......∩......#.#
#..##########..###
#..#.# #..###
#..#.# #..#.#
#..### #..#.#
#..#p# #..####
#..#.# #.yy@Z#
'..### +..yZz#
#..#m# #...Wn#
#..#.# #..####
#..### #..# #..#
#..# #..#. #..#
#..### #.. ...


You could see a curse skull, a spectral frost giant, a wraith, 3 vampire
mosquitoes, a necrophage and a juggernaut skeleton.

Vanquished Creatures
  A juggernaut (Depths:2)
  Sojobo (Depths:2)
  Saint Roka (Depths:1)
  Bai Suzhen (Depths:1)
  3 rockslimes (Depths:1)
  Nikola (Elf:3)
  A lich (Depths:3)
  A tentacled monstrosity (Vaults:1)
  2 deep elf blademasters (Elf:3)
  2 deep elf master archers (Elf:3)
  Polyphemus (Shoals:3)
  2 thorn hunters
  Roxanne (Elf:3)
  3 tengu reavers
  A ghoul (Vaults:1)
  A storm dragon (Depths:3)
  4 deep elf sorcerers
  3 fire giants
  Louise (Shoals:3)
  7 vault wardens
  The ghost of tronn the Blocker, a journeyman MiFi of Okawaru (D:12)
  4 frost giants
  2 orc warlords
  Aizul (Shoals:1)
  A caustic shrike zombie (D:12)
  10 stone giants
  2 deep elf elementalists (Elf:3)
  4 ironheart preservers
  2 spriggan defenders (Depths:2)
  18 very ugly things
  A vampire knight (Depths:2)
  7 deep elf demonologists
  9 deep elf annihilators
  Nessos (Lair:6)
  10 purple draconians (WizLab)
  3 spark wasps (Depths:1)
  7 deep elf death magi
  An eidolon (Vaults:1)
  9 statues (WizLab)
  11 ettins
  4 merfolk javelineers (Shoals:3)
  5 deep elf high priests
  7 yaktaur captains
  4 fire dragons
  5 merfolk impalers
  4 ice dragons
  21 hydras
  2 ghost crabs
  7 rakshasas
  3 shambling mangroves
  2 merfolk avatars
  5 vault guards (Vaults:2)
  6 ogre magi
  2 spriggan air magi (Depths:2)
  2 catoblepae
  An anaconda (shapeshifter) (Depths:2)
  3 great orbs of eyes
  26 dancing weapons
  9 alligators
  4 merfolk aquamancers
  3 satyrs (Shoals:2)
  8 deep troll shamans
  20 two-headed ogres
  6 deep troll earth magi
  3 tengu warriors
  6 orc high priests
  10 death yaks
  9 sea snakes
  A spectral stone giant (D:12)
  3 spriggan berserkers (Depths:2)
  14 deep trolls
  25 deep elf knights
  14 hell knights
  20 centaur warriors
  3 iron trolls
  6 soul eaters
  10 swamp dragons
  A death drake (Swamp:1)
  3 glowing orange brains
  A skeletal warrior (Vaults:1)
  A gelid demonspawn (IceCv)
  24 deep elf archers
  7 ironheart convokers
  An unseen horror (D:11)
  5 spriggan druids
  A wolf spider zombie (D:11)
  A flayed ghost (Depths:2)
  7 wizards
  3 cyclopes
  7 harpies
  Pikel (D:8)
  4 necromancers
  An oklob plant (Lair:4)
  3 phantasmal warriors
  88 deep elf magi
  3 orc knights (Orc)
  10 ugly things
  2 salamanders (Depths:2)
  7 orc sorcerers
  13 manticores
  8 elephants
  7 fauns (Shoals:2)
  A guardian serpent (shapeshifter) (Depths:1)
  A spectral ice dragon (D:12)
  4 vault sentinels
  10 will-o'-wisps
  2 ice statues (IceCv)
  3 merfolk sirens
  2 naga magi (D:12)
  6 water nymphs
  6 black mambas
  13 cane toads
  A gargoyle (D:6)
  A yaktaur zombie (D:12)
  3 eyes of draining
  A rime drake (shapeshifter) (Elf:1)
  2 freezing wraiths
  12 ice devils
  28 yaktaurs
  4 rime drakes
  12 komodo dragons
  Maurice (D:12)
  4 trolls
  31 merfolk
  A meliai (shapeshifter) (Elf:3)
  4 polar bears
  22 hornets
  5 tyrant leeches
  A polar bear (shapeshifter) (Depths:1)
  13 slime creatures
  A wind drake (Shoals:3)
  7 dream sheep
  2 harpy skeletons (D:12)
  A spriggan zombie (D:12)
  5 meliai zombies
  30 blink frogs
  An ice dragon zombie (D:12)
  13 hippogriffs
  8 large abominations (Depths:2)
  A frost giant simulacrum (Vaults:1)
  11 bog bodies
  9 snapping turtles
  A vampire (D:10)
  25 spriggans
  A spriggan (shapeshifter) (Vaults:2)
  2 air elementals (Elf:3)
  2 stone giant simulacra (D:12)
  3 wraiths (Vaults:1)
  A tarantella (shapeshifter) (Depths:2)
  13 water elementals
  A wyvern (Lair:2)
  32 yaks
  3 basilisks
  3 chaos spawn (Depths:2)
  2 hungry ghosts
  3 fire elementals
  12 vampire mosquitoes
  Menkaure (D:6)
  4 small abominations (Depths:2)
  10 swamp worms
  11 crocodiles
  8 wargs
  An acid dragon (D:10)
  14 water moccasins
  6 hydra simulacra (Depths:2)
  A spectral tengu (D:12)
  Duvessa (D:5)
  40 orc warriors
  12 porcupines
  8 swamp drakes
  3 sky beasts
  4 ice beasts
  An ice beast (shapeshifter) (Elf:3)
  4 phantoms
  20 ogres
  An ettin simulacrum (D:12)
  7 black bears
  2 slaves (D:8)
  A necrophage (D:6)
  13 boggarts
  48 wolves
  11 bullfrogs
  2 kobold brigands
  Dowan (D:5)
  2 earth elementals (Elf:1)
  14 centaurs
  A wyvern zombie (D:9)
  A water moccasin zombie (D:7)
  3 scorpions
  A wyvern skeleton (D:8)
  2 human simulacra (Vaults:2)
  An electric eel (Lair:6)
  7 howler monkeys
  23 orc priests
  8 crimson imps
  3 quasits
  A bullfrog zombie (D:6)
  10 hounds
  A gnoll shaman (D:4)
  5 iguanas
  A jelly (D:12)
  25 orc wizards
  11 worker ants
  A hound zombie (D:10)
  A hound skeleton (D:5)
  2 worker ant zombies
  8 gnolls
  16 adders
  A howler monkey skeleton (D:7)
  A shadow imp (D:5)
  6 white imps (IceCv)
  7 ufetubi (IceCv)
  An ooze (D:6)
  An adder skeleton (D:8)
  4 worms
  2 dart slugs (D:1)
  4 leopard geckos
  100 orcs
  4 ball pythons
  2 giant cockroaches
  3 goblins
  6 hobgoblins
  15 jackals
  5 quokkas
  4 bats
  6 frilled lizards
  A jackal skeleton (D:7)
  16 kobolds
  A quokka zombie (D:6)
  4 rats
  2 fungi
  21 plants
1621 creatures vanquished.

Vanquished Creatures (collateral kills)
  A stone giant (Depths:2)
1 creature vanquished.

Vanquished Creatures (others)
  A deep troll (Depths:2)
  A deep elf mage (Vaults:1)
  A slave (D:8)
  A necrophage (D:8)
  3 white imps (IceCv)
  3 ufetubi (IceCv)
  3 kobolds (D:8)
  2 bushes
  9 fire vortices
  19 fungi
  A lurking horror (Shoals:3)
  48 plants
92 creatures vanquished.

Grand Total: 1714 creatures vanquished

Notes
Turn   | Place    | Note
-------+----------+-------------------------------------------
     0 | D:1      | Galewind the Avariel Conjurer began the quest for the Orb.
     0 | D:1      | Reached XP level 1. HP: 10/10 MP: 6/6
   255 | D:1      | Reached XP level 2. HP: 13/15 MP: 5/7
   398 | D:1      | Reached skill level 3 in Spellcasting
   480 | D:1      | Learned a level 2 spell: Searing Ray
   724 | D:2      | Found a glowing silver altar of Zin.
   868 | D:2      | Reached XP level 3. HP: 19/19 MP: 5/9
   872 | D:2      | Learned a level 3 spell: Iskenderun's Mystic Blast
  1581 | D:3      | Found an ornate altar of the Wu Jian Council.
  1583 | D:3      | Reached XP level 4. HP: 24/24 MP: 9/11
  1822 | D:3      | Found a shimmering blue altar of Sif Muna.
  2124 | D:3      | Became a worshipper of Sif Muna the Loreminder
  2164 | D:3      | Reached skill level 4 in Spellcasting
  2360 | D:4      | Reached XP level 5. HP: 28/28 MP: 2/13
  2539 | D:4      | Noticed a phantom
  2562 | D:4      | Killed a phantom
  2563 | D:4      | Reached * piety under Sif Muna
  2563 | D:4      | Reached skill level 5 in Spellcasting
  2563 | D:4      | Reached XP level 6. HP: 32/32 MP: 5/15
  2729 | D:4      | Noticed a phantom
  2744 | D:4      | Killed a phantom
  2745 | D:4      | Reached XP level 7. HP: 33/36 MP: 2/17
  2769 | D:4      | Identified Sif Muna's Collected Works on Doomed Attacks
                  | (Sif Muna gifted it to you on level 4 of the Dungeon)
  2769 | D:4      | Received a gift from Sif Muna
  2940 | D:4      | Reached skill level 6 in Spellcasting
  3006 | D:4      | Reached ** piety under Sif Muna
  3153 | D:4      | Reached skill level 7 in Spellcasting
  3383 | D:4      | Found a staircase to the Ecumenical Temple.
  3456 | Temple   | Entered the Ecumenical Temple
  3684 | D:4      | Noticed a hippogriff
  3688 | D:4      | Killed a hippogriff
  3689 | D:4      | Reached XP level 8. HP: 41/41 MP: 7/21
  3768 | D:4      | Reached skill level 8 in Spellcasting
  3843 | D:4      | Found a shadowy altar of Dithmenos.
  3920 | D:4      | Found Wenoad's Book Shop.
  4074 | D:5      | Entered Level 5 of the Dungeon
  4077 | D:5      | Reached skill level 10 in Conjurations
  4227 | D:5      | Reached *** piety under Sif Muna
  4384 | D:5      | Found a white marble altar of Elyvilon.
  4389 | D:5      | Found a shattered altar of Ashenzari.
  4391 | D:5      | Reached skill level 9 in Spellcasting
  4410 | D:5      | Found a sacrificial altar of Ru.
  4427 | D:5      | Noticed Duvessa
  4429 | D:5      | Noticed Dowan
  4433 | D:5      | Killed Duvessa
  4436 | D:5      | Killed Dowan
  4571 | D:5      | Found a glowing drain.
  4580 | Sewer    | Entered a sewer
  4662 | Sewer    | Reached **** piety under Sif Muna
  5425 | D:5      | Got a scorched leather armour
  5466 | D:5      | Identified Sif Muna's Incunabulum of Attacks (Sif Muna
                  | gifted it to you on level 5 of the Dungeon)
  5466 | D:5      | Received a gift from Sif Muna
  5466 | D:5      | Gained mutation: You can fly continuously. [Avariel growth]
  5466 | D:5      | Reached XP level 9. HP: 46/46 MP: 17/24
  5495 | D:5      | Learned a level 6 spell: Bolt of Fire
  5656 | D:6      | Reached skill level 10 in Spellcasting
  5766 | D:6      | Noticed Menkaure
  5769 | D:6      | Killed Menkaure
  5814 | D:6      | Reached skill level 1 in Fighting
  5898 | D:6      | Reached ***** piety under Sif Muna
  5945 | D:6      | Noticed a troll
  5948 | D:6      | Killed a troll
  5949 | D:6      | Reached skill level 11 in Spellcasting
  6023 | D:6      | Identified the cursed +0 leather armour "Peqump" {rElec
                  | rPois rC- Regen+} (You found it on level 5 of the Dungeon)
  6114 | D:6      | Found a blossoming altar of Fedhas.
  6416 | D:6      | Reached skill level 5 in Dodging
  6612 | D:7      | Noticed a gargoyle
  6619 | D:6      | Killed a gargoyle
  6876 | D:7      | Reached XP level 10. HP: 56/56 MP: 23/27
  7660 | D:8      | Noticed a two-headed ogre
  7668 | D:8      | Killed a two-headed ogre
  7777 | D:7      | Reached skill level 5 in Fighting
  7982 | D:8      | Noticed Pikel
  7989 | D:8      | Killed Pikel
  7990 | D:8      | Reached skill level 10 in Dodging
  8323 | D:8      | Reached skill level 1 in Armour
  8342 | D:8      | Found a sparkling altar of Nemelex Xobeh.
  8446 | D:8      | Reached XP level 11. HP: 64/64 MP: 21/28
  8476 | D:8      | Reached skill level 1 in Fire Magic
  8477 | D:8      | Reached skill level 1 in Invocations
  8575 | D:8      | Found a staircase to the Lair.
  8762 | D:8      | Found a shimmering altar of Xom.
  8778 | D:8      | Found a glowing golden altar of the Shining One.
  8928 | Lair:1   | Entered Level 1 of the Lair of Beasts
  9385 | Lair:1   | Reached skill level 5 in Fire Magic
 10002 | D:4      | Bought a book of Enchantments for 500 gold pieces
 10008 | D:4      | Learned a level 5 spell: Iskenderun's Battlesphere
 10194 | Lair:2   | Reached skill level 1 in Charms
 10204 | Lair:2   | Identified Sif Muna's Incunabulum of the Fiery Glacier (Sif
                  | Muna gifted it to you on level 2 of the Lair of Beasts)
 10204 | Lair:2   | Received a gift from Sif Muna
 10357 | Lair:2   | Found a runed translucent gate.
 10357 | Lair:2   | Found a runed translucent gate.
 10357 | Lair:2   | Found a runed translucent gate.
 10360 | Lair:2   | Noticed kosoiffoigrumme1174's ghost (journeyman TrAc)
 10360 | Lair:2   | Noticed a ten-headed hydra
 10644 | Lair:2   | Reached ****** piety under Sif Muna
 10799 | Lair:2   | Reached skill level 5 in Charms
 10941 | Lair:2   | Reached XP level 12. HP: 70/70 MP: 19/29
 11158 | Lair:2   | Noticed a six-headed hydra
 11163 | Lair:2   | Killed a six-headed hydra
 11527 | Lair:3   | Noticed a five-headed hydra
 11530 | Lair:3   | Killed a five-headed hydra
 11809 | Lair:3   | Identified Sif Muna's Tome of Dusty Displacement (Sif Muna
                  | gifted it to you on level 3 of the Lair of Beasts)
 11809 | Lair:3   | Received a gift from Sif Muna
 11814 | Lair:3   | Reached skill level 12 in Spellcasting
 12221 | Lair:3   | Found a staircase to the Shoals.
 12545 | Lair:3   | Learned a level 7 spell: Icicle Burst
 13118 | Lair:4   | Found a staircase to the Swamp.
 13227 | Lair:4   | Reached skill level 13 in Spellcasting
 13227 | Lair:4   | Reached XP level 13. HP: 51/74 MP: 9/32
 13802 | Lair:4   | Found a basalt altar of Yredelemnul.
 14421 | Lair:5   | Identified Sif Muna's Catalogue of Enhancements and the
                  | Birds (Sif Muna gifted it to you on level 5 of the Lair of
                  | Beasts)
 14421 | Lair:5   | Received a gift from Sif Muna
 14723 | Lair:5   | Reached skill level 14 in Spellcasting
 15454 | Lair:5   | Found a viscous altar of Jiyva.
 15454 | Lair:5   | Found a staircase to the Slime Pits.
 15526 | Lair:6   | Entered Level 6 of the Lair of Beasts
 15677 | Lair:6   | Noticed Nessos
 15750 | Lair:6   | Killed Nessos
 16120 | Lair:6   | Reached skill level 15 in Conjurations
 16186 | Lair:6   | Reached skill level 15 in Spellcasting
 16429 | Lair:6   | Reached XP level 14. HP: 80/80 MP: 28/35
 16431 | Lair:6   | Identified Sif Muna's Incunabulum of Confrontation and the
                  | Blaze (Sif Muna gifted it to you on level 6 of the Lair of
                  | Beasts)
 16431 | Lair:6   | Received a gift from Sif Muna
 17224 | Lair:6   | Reached skill level 10 in Fire Magic
 17316 | Lair:6   | Reached skill level 16 in Spellcasting
 17555 | Lair:6   | Learned a level 5 spell: Fireball
 17560 | Lair:6   | Learned a level 4 spell: Sticky Flame
 17716 | D:9      | Found Caykk's Magic Scroll Shop.
 17736 | D:9      | Bought a scroll of silence for 105 gold pieces
 17736 | D:9      | Bought a scroll of amnesia for 49 gold pieces
 17736 | D:9      | Bought a scroll of summoning for 140 gold pieces
 17736 | D:9      | Bought a scroll of identify for 28 gold pieces
 17927 | D:9      | Found a runed translucent gate.
 17927 | D:9      | Found a runed translucent gate.
 17927 | D:9      | Found a runed translucent gate.
 17928 | D:9      | Noticed SansUndertale's ghost (novice NaAc)
 18202 | D:9      | Found a basalt altar of Yredelemnul.
 18559 | D:9      | Found a portal to a secret trove of treasure.
 18822 | D:10     | Entered Level 10 of the Dungeon
 18975 | D:10     | Identified Sif Muna's Incunabulum of Summoning (Sif Muna
                  | gifted it to you on level 10 of the Dungeon)
 18975 | D:10     | Received a gift from Sif Muna
 19059 | D:10     | Got a steaming scale mail
 19235 | D:10     | Found Lammacaz's Armour Boutique.
 19989 | D:11     | Reached skill level 17 in Spellcasting
 20006 | D:11     | Found a gate to the Vaults.
 20035 | D:11     | Reached XP level 15. HP: 76/84 MP: 25/38
 20372 | D:11     | Found a staircase to the Orcish Mines.
 20556 | D:11     | Identified Gioredem's Almanac of the Traveller and Feathers
                  | (Sif Muna gifted it to you on level 11 of the Dungeon)
 20556 | D:11     | Received a gift from Sif Muna
 20597 | D:11     | Found a glowing silver altar of Zin.
 20896 | Orc      | Entered the Orcish Mines
 20958 | Orc      | Found Fshugootab's Fabulous Fripperies.
 21028 | Orc      | Found a staircase to the Elven Halls.
 21053 | Orc      | Found Sonum's Jewellery Boutique.
 21122 | Orc      | Noticed an orc warlord
 21143 | Orc      | Killed an orc warlord
 21192 | Orc      | Found a frozen archway.
 21249 | IceCv    | Entered an ice cave
 21818 | IceCv    | Reached skill level 18 in Spellcasting
 22092 | Orc      | Identified Sif Muna's Papyrus of Changing (Sif Muna gifted
                  | it to you in the Orcish Mines)
 22092 | Orc      | Received a gift from Sif Muna
 22130 | Orc      | Reached skill level 1 in Ice Magic
 22520 | Orc      | Found Uciwy's General Store.
 22521 | Orc      | Found Enluf's Book Emporium.
 22523 | Orc      | Found Ajepp's Antique Armour Shoppe.
 22523 | Orc      | Found Heygoare's Antique Weapon Shoppe.
 22538 | Orc      | Bought a scroll of teleportation for 45 gold pieces
 22538 | Orc      | Bought a potion of brilliance for 60 gold pieces
 22538 | Orc      | Bought a potion of haste for 150 gold pieces
 22663 | D:12     | Entered Level 12 of the Dungeon
 22976 | D:12     | Found a stormy altar of Qazlal.
 23067 | D:12     | Reached skill level 5 in Ice Magic
 23711 | D:12     | Noticed Maurice
 23714 | D:12     | Killed Maurice
 23773 | Orc      | Bought an uncursed staff of fire for 250 gold pieces
 24028 | D:12     | Found a staircase to the Depths.
 24205 | D:12     | Found a runed translucent gate.
 24207 | D:12     | Found a runed translucent gate.
 24208 | D:12     | Found a runed translucent gate.
 24209 | D:12     | Noticed tronn's ghost (journeyman MiFi)
 24238 | D:12     | Killed tronn's ghost
 24242 | D:12     | Reached XP level 16. HP: 12/88 MP: 7/40
 24650 | Swamp:1  | Entered Level 1 of the Swamp
 24741 | Swamp:1  | Noticed a thorn hunter
 24748 | Swamp:1  | Killed a thorn hunter
 26639 | Swamp:2  | Identified Sif Muna's Compendium of Ice and Hexes (Sif Muna
                  | gifted it to you on level 2 of the Swamp)
 26639 | Swamp:2  | Received a gift from Sif Muna
 26995 | Swamp:3  | Entered Level 3 of the Swamp
 27261 | Swamp:3  | Reached skill level 15 in Dodging
 27420 | Swamp:3  | Noticed a thorn hunter
 27423 | Swamp:3  | Killed a thorn hunter
 27424 | Swamp:3  | Reached XP level 17. HP: 97/97 MP: 33/41
 27788 | Swamp:3  | Learned a level 9 spell: Fire Storm
 28156 | Swamp:3  | Got a decaying rune of Zot
 28658 | Shoals:1 | Entered Level 1 of the Shoals
 28685 | Shoals:1 | Reached skill level 10 in Fighting
 28703 | Shoals:1 | Noticed Aizul
 28706 | Shoals:1 | Killed Aizul
 29694 | Shoals:2 | Found Uzyceal's Island Escapes.
 29702 | Shoals:2 | Bought a potion of haste for 150 gold pieces
 29702 | Shoals:2 | Bought a potion of haste for 150 gold pieces
 29702 | Shoals:2 | Bought a scroll of teleportation for 45 gold pieces
 29702 | Shoals:2 | Bought a scroll of teleportation for 45 gold pieces
 29765 | Shoals:2 | Identified Lebueh's Incunabulum of Excruciating Air (Sif
                  | Muna gifted it to you on level 2 of the Shoals)
 29765 | Shoals:2 | Received a gift from Sif Muna
 29817 | Shoals:2 | Learned a level 6 spell: Deflect Missiles
 29954 | Shoals:2 | Reached skill level 1 in Air Magic
 30222 | Shoals:2 | Found a runed translucent gate.
 30222 | Shoals:2 | Found a runed translucent gate.
 30222 | Shoals:2 | Found a runed translucent gate.
 30223 | Shoals:2 | Noticed kosoiffoigrumme1174's ghost (journeyman TrAc)
 30592 | Shoals:3 | Entered Level 3 of the Shoals
 30630 | Shoals:3 | Reached skill level 5 in Air Magic
 30709 | Shoals:3 | Identified a scroll of acquirement
 30710 | Shoals:3 | Got a barnacled rune of Zot
 30711 | Shoals:3 | Identified the ring of Wadawkui {rPois rF- rC+ rN+++ MR+}
                  | (You acquired it on level 3 of the Shoals)
 30735 | Shoals:3 | Identified the +1 robe of Antolargh {SInv Stlth+}
 30807 | Shoals:3 | Noticed Polyphemus
 30813 | Shoals:3 | Killed Polyphemus
 30834 | Shoals:3 | Reached XP level 18. HP: 40/107 MP: 17/42
 31045 | Shoals:3 | Identified Sif Muna's Disquisition on Dusty Flight (Sif
                  | Muna gifted it to you on level 3 of the Shoals)
 31045 | Shoals:3 | Received a gift from Sif Muna
 31047 | Shoals:3 | Identified the ring "Huququup" {rElec rF+ SInv}
 31200 | Shoals:3 | Noticed Louise
 31220 | Shoals:3 | Killed Louise
 31277 | Shoals:3 | Found a corrupted altar of Lugonu.
 31335 | Shoals:3 | Found a one-way gate to the infinite horrors of the Abyss.
 31866 | Shoals:3 | Identified Sif Muna's Reference Book on Poisonous
                  | Transmigration
 32244 | Elf:1    | Entered Level 1 of the Elven Halls
 32790 | Elf:1    | Received a gift from Sif Muna
 32925 | Elf:1    | Identified the Grimoire of the Escort
 33048 | Elf:1    | Reached skill level 15 in Fire Magic
 33762 | Elf:2    | Found a huge runed gate.
 33762 | Elf:2    | Found a huge runed gate.
 33763 | Elf:2    | Found a huge runed gate.
 33763 | Elf:2    | Found a huge runed gate.
 33764 | Elf:2    | Found a huge runed gate.
 33825 | Elf:2    | Reached XP level 19. HP: 112/112 MP: 24/43
 34281 | Elf:2    | Received a gift from Sif Muna
 34768 | Elf:3    | Entered Level 3 of the Elven Halls
 34789 | Elf:3    | Noticed Roxanne
 35295 | Elf:3    | Noticed Nikola
 35301 | Elf:3    | Killed Nikola
 35493 | Elf:3    | Identified the cursed ring of the Several People {Fire
                  | rPois}
 35543 | Elf:3    | Reached XP level 20. HP: 122/122 MP: 7/44
 35768 | Elf:3    | Identified Sif Muna's Guide on Glacial Summoning (Sif Muna
                  | gifted it to you on level 3 of the Elven Halls)
 35768 | Elf:3    | Received a gift from Sif Muna
 35865 | Elf:3    | Identified the Volume of Damaging Self-Knowledge
 35880 | Elf:3    | Identified Kamanwip's Intricacies of Spellcasting
 35931 | Elf:3    | Identified a +1 pair of boots of running
 36456 | Elf:3    | Killed Roxanne
 36473 | Elf:3    | Found the +2 pair of boots of the Assassin {Detection Stab+
                  | Stlth++}
 36796 | Vaults:1 | Entered Level 1 of the Vaults
 37121 | Vaults:1 | Found a staircase to the Crypt.
 37410 | Vaults:1 | Found Raam's Assorted Antiques.
 37417 | Vaults:1 | Bought 2 potions of magic for 310 gold pieces
 37417 | Vaults:1 | Bought a droning book for 465 gold pieces
 37530 | Vaults:1 | Identified the +11 trident "Ihaozock" {holy, rF+ rC- Int+6
                  | Dex-5}
 37546 | Vaults:1 | Found Egidokuq's Assorted Antiques.
 37685 | Vaults:1 | Reached skill level 1 in Staves
 37772 | Vaults:1 | Reached skill level 5 in Invocations
 38135 | Vaults:1 | Identified the +3 spear "Ebum" {elec, rPois Int+8 Dex+2
                  | SInv}
 38737 | Vaults:2 | Reached skill level 10 in Invocations
 38737 | Vaults:2 | Reached XP level 21. HP: 132/132 MP: 16/45
 39089 | Vaults:2 | Found Qacuram's Weapon Boutique.
 40335 | Depths:1 | Entered Level 1 of the Depths
 40335 | Depths:1 | Noticed a rockslime
 40498 | Depths:1 | Found a gateway to Hell.
 40498 | Depths:1 | Noticed a rockslime
 40505 | Depths:1 | Killed a rockslime
 40515 | Depths:1 | Killed a rockslime
 40517 | Depths:1 | Reached skill level 5 in Staves
 40625 | Depths:1 | Noticed a rockslime
 40633 | Depths:1 | Killed a rockslime
 40852 | Depths:1 | Noticed Saint Roka
 40861 | Depths:1 | Killed Saint Roka
 41083 | Depths:1 | Identified Sif Muna's Guide on Changing and the Volcanoes
                  | (Sif Muna gifted it to you on level 1 of the Depths)
 41083 | Depths:1 | Received a gift from Sif Muna
 41096 | Depths:1 | Learned a level 8 spell: Ignition
 41114 | Depths:1 | Found a magical portal.
 41125 | WizLab   | Entered Iskenderun's Mystic Tower
 41157 | WizLab   | Reached XP level 22. HP: 95/137 MP: 24/46
 42610 | WizLab   | Identified the Catalogue of the Voyage and Unholy Magic
 42663 | WizLab   | Identified Iskenderun's Catalogue of Arcane Weapons
 42663 | WizLab   | Identified Iskenderun's Compendium of Confrontation
 43015 | Depths:1 | Reached skill level 19 in Spellcasting
 43122 | Depths:1 | Noticed Bai Suzhen
 43128 | Depths:1 | Killed Bai Suzhen
 43279 | Depths:1 | Identified the +4 hunting sling "Omyuzuko" {freeze, rElec
                  | rPois}
 43335 | Depths:1 | Received a gift from Sif Muna
 44216 | Depths:2 | Noticed a juggernaut
 44229 | Depths:2 | Killed a juggernaut
 44230 | Depths:2 | Identified Lee's Grimoire of Earthen Attacks (Sif Muna
                  | gifted it to you on level 2 of the Depths)
 44230 | Depths:2 | Received a gift from Sif Muna
 44232 | Depths:2 | Reached skill level 20 in Spellcasting
 44534 | Depths:2 | Noticed Sojobo
 44560 | Depths:2 | Reached XP level 23. HP: 135/142 MP: 16/49
 44573 | Depths:2 | Killed Sojobo
 44611 | Depths:2 | HP: 6/142 [fire giant/fireball (32)]
 45047 | Depths:2 | Found a gateway to a ziggurat.
 45692 | Depths:3 | Received a gift from Sif Muna
 45888 | Depths:3 | Reached skill level 21 in Spellcasting
 46008 | Depths:3 | Found a runed door.
 46027 | Depths:3 | HP: 4/142 [flayed ghost[a curse skull] (12)]
 46031 | Depths:3 | Demolished by a juggernaut skeleton

Skill      XL: |  1  2  3  4  5  6  7  8  9 10 11 12 13 14 15 16 17 18 19 20 21 22 23 |
---------------+----------------------------------------------------------------------+-----
Spellcasting   | 3 4 5 7 9 11 13 15 17 18 20 21 | 21.0
Conjurations   | 6 7 8 9 10 11 13 15 17 18 20 | 20.0
Dodging        | 3 6 10 11 15 | 15.0
Fighting       | 3 6 7 10 12 14 | 14.0
Armour         | 2 4 |  4.0
Fire Magic     | 6 8 9 10 15 18 19 20 | 20.0
Invocations    | 4 10 13 | 13.4
Charms         | 6 7 |  7.0
Ice Magic      | 5 9 |  9.0
Air Magic      | 8 |  8.0
Staves         | 2 7 |  7.7
Stealth        | |  2.1

Action                   |  1- 3 |  4- 6 |  7- 9 | 10-12 | 13-15 | 16-18 | 19-21 | 22-24 || total
-------------------------+-------+-------+-------+-------+-------+-------+-------+-------++-------
Melee: Unarmed           |     1 |     3 |     3 |    21 |       |       |       |       ||    28
       Demon blade       |       |       |       |     1 |     1 |       |       |       ||     2
       Staff             |       |       |       |       |       |     2 |     1 |     2 ||     5
       Lajatang          |       |       |       |       |       |       |       |    87 ||    87
 Cast: Magic Dart        |    66 |    27 |    22 |     1 |     7 |     1 |       |       ||   124
       Searing Ray       |       |     8 |    16 |     2 |     2 |       |       |       ||    28
       Iskenderun's Myst |       |    12 |   110 |   272 |   451 |   101 |    92 |    69 ||  1107
       Iskenderun's Batt |       |       |       |    25 |   102 |    79 |    44 |    18 ||   268
       Bolt of Fire      |       |       |       |     9 |    89 |   118 |   137 |    46 ||   399
       Fireball          |       |       |       |       |    36 |   315 |   265 |    94 ||   710
       Sticky Flame      |       |       |       |       |     1 |     6 |     3 |     1 ||    11
       Deflect Missiles  |       |       |       |       |       |     1 |     2 |     1 ||     4
       Icicle Burst      |       |       |       |       |       |     6 |    41 |    51 ||    98
       Fire Storm        |       |       |       |       |       |       |     3 |     3 ||     6
       Ignition          |       |       |       |       |       |       |     1 |     9 ||    10
Invok: Divine Energy     |       |     2 |     2 |     3 |     1 |       |       |       ||     8
       Channel Magic     |       |       |       |     5 |    13 |    14 |     9 |     6 ||    47
Evoke: Wand              |       |       |       |       |     5 |     1 |     1 |     1 ||     8
  Use: Scroll            |       |       |     7 |     5 |    11 |     4 |    13 |     1 ||    41
       Potion            |       |       |       |       |       |     2 |     1 |     3 ||     6
  Eat: Chunk             |     3 |     5 |    18 |    28 |    24 |    21 |    23 |    14 ||   136
       Ration            |       |       |       |     1 |     7 |     5 |     3 |     3 ||    19
Armor: Robe              |     4 |       |     3 |     7 |     6 |    13 |    11 |    23 ||    67
       Troll leather arm |       |       |       |     5 |       |       |       |       ||     5
Dodge: Dodged            |     6 |     7 |    38 |   118 |   107 |   166 |   183 |   239 ||   864
       Deflected         |       |       |       |       |       |    18 |    29 |     4 ||    51
Block: Buckler           |       |       |       |       |     1 |       |       |       ||     1
